 Dungeon Crawl Stone Soup version 0.17.1-2-g5865329 (webtiles) character file.

2679 Glider the Grappler (level 9, -1/92 HPs)
             Began as a Troll Monk on Jan 21, 2016.
             Was an Elder of Qazlal.
             Killed by divine providence
             ... invoked by an orc priest
              (13 damage)
             ... on level 7 of the Dungeon.
             The game lasted 00:20:27 (5624 turns).

Glider the Grappler (Troll Monk)                    Turns: 5624, Time: 00:20:27

Health: -1/92      AC:  7    Str: 21    XL:     9   Next: 37%
Magic:  9/9        EV: 13    Int:  9    God:    Qazlal [****..]
Gold:   288        SH:  5    Dex: 14    Spells: 0 memorised, 8 levels left

rFire  . . .     SeeInvis .     E - +5 dire flail of the Ass {pain, rC+ Int+2}
rCold  + + .     Clarity  .     B - +2 robe {rN+}
rNeg   + + .     SustAt   .     (shield currently unavailable)
rPois  .         Gourm    +     (helmet restricted)
rElec  .         Spirit   .     (no cloak)
rCorr  .         Warding  .     (gloves unavailable)
rMut   .         Stasis   .     (boots unavailable)
MR     .....                    o - amulet of faith
Stlth  +.........               w - ring of protection from cold
                                y - ring of positive energy

@: repel missiles, not resistant to hostile enchantments, very unstealthy
A: unfitting armour, claws 3, fast metabolism 3, gourmand, regeneration 2,
shaggy fur 1, tough skin 2
a: Upheaval, Elemental Force, Renounce Religion


You were on level 7 of the Dungeon.
You worshipped Qazlal.
Qazlal was greatly pleased with you.
You were very full.

You visited 2 branches of the dungeon, and saw 8 of its levels.
You also visited: Ossuary.

You collected 288 gold pieces.

Inventory:

Hand Weapons
 E - the +5 dire flail of the Ass (weapon) {pain, rC+ Int+2}
   (You found it on level 5 of the Dungeon)

   In the hands of one skilled in necromantic magic, it inflicts extra damage on
   living creatures.
   It affects your intelligence (+2).
   It protects you from cold.
Missiles
 r - 28 tomahawks (quivered)
 z - 4 tomahawks of returning
 K - 2 throwing nets
Armour
 l - a +0 shield
 B - a +2 robe of positive energy (worn)
Jewellery
 o - an amulet of faith (around neck)
 w - a ring of protection from cold (right claw)
 y - a ring of positive energy (left claw)
 M - a +3 ring of intelligence
Wands
 k - a wand of disintegration (9)
Scrolls
 c - a scroll of blinking {unknown}
 e - a scroll of fear {unknown}
 h - 4 scrolls of remove curse
 j - 2 scrolls of amnesia
 s - 2 scrolls of teleportation
 t - a scroll of recharging {unknown}
 x - 2 scrolls of enchant weapon {unknown}
 A - 2 scrolls of immolation {unknown}
 D - a scroll of fog {unknown}
 G - a scroll of enchant armour {unknown}
 J - a scroll of holy word {unknown}
Potions
 a - a potion of might
 d - a potion of cancellation {unknown}
 f - 2 potions of flight
 g - 4 potions of poison
 i - a potion of invisibility {unknown}
 m - 3 potions of curing {unknown}
 n - a potion of lignification {unknown}
 u - 2 potions of resistance
 v - a potion of agility
 F - a potion of mutation {unknown}
 H - a potion of haste
 I - 2 potions of magic {unknown}
Comestibles
 b - 4 bread rations
 p - 2 meat rations
 q - 4 fruits


   Skills:
 * Level 6.4 Fighting
 - Level 7.0 Dodging
 - Level 1.1 Stealth
 - Level 8.0 Unarmed Combat
 * Level 1.7 Invocations


You had 8 spell levels left.
You didn't know any spells.

Dungeon Overview and Level Annotations

Branches:
Dungeon (7/15)             Temple (1/1) D:5

Altars:
Ashenzari
Cheibriados
Dithmenos
Fedhas
Gozag
Kikubaaqudgha
Makhleb
Okawaru
Qazlal
Ru
Sif Muna
Trog
Xom
Lugonu


Innate Abilities, Weirdness & Mutations

You are too large for most types of armour.
You have claws for hands.
Your metabolism is lightning-fast.
You like to eat raw meat.
You heal very quickly.
You are covered in fur (AC +1).
You have very tough skin (AC +2).


Message History

The magic dart hits you!
* * * LOW HITPOINT WARNING * * *
You block the orc wizard's attack.
You sock the orc wizard!
The orc wizard is severely wounded.
You hear a shout!
The orc hits you with a club.
* * * LOW HITPOINT WARNING * * *
The orc wizard hits you but does no damage.
The orc hits you with a club.
* * * LOW HITPOINT WARNING * * *
You hit the orc wizard.
You kill the orc wizard!
Qazlal accepts your kill.
The crimson imp shouts, "Bolt, thou fobbing sow-suckled prigger-of-prances!"
You closely miss the orc. The orc closely misses you.
An orc priest comes into view. It is wielding a flail.
The orc priest mumbles some strange prayers to Beogh against you.
Something smites you!
You die...

### ..#..# #.### ##
#.#..# #.... #.. #.#..#
#.### #§# #.#..# #.#..
§§###.#..########.##.
#.#.#§#..#.........#.##.
§§_.§oo)##.##..##.#.##.
#@§§.......#.#.##.
##)§##.........##.
##.##.....#.#####
...#..........>#
#.⌠.#.....#.###.#
#...#..#..#.#
##.##.....#.#
#.#...#.##.# ########.#


You could see an orc priest and an orc.

Vanquished Creatures
  Pikel (D:5)
  Sigmund (D:4)
  Menkaure (D:5)
  2 orc warriors
  A phantom (D:5)
  A sky beast (D:6)
  4 ogres
  2 centaurs (D:5)
  2 scorpions (D:5)
  2 vampire bats (D:3)
  A giant frog zombie (D:5)
  2 hounds (D:6)
  3 jellies
  6 orc wizards
  2 orc priests (D:6)
  An iguana (D:5)
  3 worker ants
  3 mummies (Ossuary)
  2 hound skeletons
  10 adders
  3 gnolls (D:3)
  An adder skeleton (D:6)
  An adder zombie (D:6)
  3 worms
  7 giant geckos
  31 orcs
  3 ball pythons
  3 bats
  3 bat skeletons (D:3)
  2 bat zombies (D:3)
  7 hobgoblins
  10 jackals
  A giant cockroach (D:4)
  3 giant newts
  3 gnoll skeletons (Ossuary)
  4 gnoll zombies (Ossuary)
  5 goblins
  2 goblin skeletons (Ossuary)
  4 goblin zombies (Ossuary)
  A hobgoblin zombie (Ossuary)
  A jackal skeleton (D:5)
  11 kobolds
  A kobold skeleton (Ossuary)
  2 kobold zombies (Ossuary)
  2 quokkas
  A quokka skeleton (D:4)
  11 rats
  5 rat skeletons (Ossuary)
  3 rat zombies (Ossuary)
184 creatures vanquished.

Vanquished Creatures (others)
  4 slaves (D:5)
  A hound (D:5)
  A hound skeleton (D:5)
  A mummy (Ossuary)
  A giant newt (D:5)
  4 gnoll skeletons (Ossuary)
  A gnoll zombie (Ossuary)
  A goblin skeleton (Ossuary)
  3 goblin zombies (Ossuary)
  2 hobgoblin skeletons (Ossuary)
  2 hobgoblin zombies (Ossuary)
  2 orc skeletons (Ossuary)
  2 orc zombies (Ossuary)
  5 rat skeletons (Ossuary)
  3 rat zombies (Ossuary)
33 creatures vanquished.

Grand Total: 217 creatures vanquished

Notes
Turn   | Place    | Note
--------------------------------------------------------------
     0 | D:1      | Glider the Troll Monk began the quest for the Orb.
     0 | D:1      | Reached XP level 1. HP: 22/22 MP: 0/0
   320 | D:1      | Reached XP level 2. HP: 29/29 MP: 1/1
   728 | D:2      | Found a bloodstained altar of Trog.
   964 | D:2      | Found a shimmering altar of Xom.
   986 | D:2      | Reached XP level 3. HP: 32/36 MP: 2/2
  1475 | D:3      | Reached XP level 4. HP: 14/44 MP: 3/3
  1591 | D:3      | Reached skill level 5 in Unarmed Combat
  1942 | D:3      | Reached XP level 5. HP: 24/53 MP: 4/4
  2180 | D:3      | Found an ancient bone altar of Kikubaaqudgha.
  2278 | D:3      | Reached XP level 6. HP: 59/61 MP: 5/5
  2749 | D:4      | Noticed Sigmund
  2762 | D:4      | Killed Sigmund
  2762 | D:4      | Reached skill level 6 in Unarmed Combat
  2904 | D:4      | Reached XP level 7. HP: 68/68 MP: 6/6
  2993 | D:4      | Noticed a troll
  3267 | D:5      | Entered Level 5 of the Dungeon
  3332 | D:5      | Reached skill level 5 in Dodging
  3596 | D:5      | Reached XP level 8. HP: 46/79 MP: 7/7
  3764 | D:5      | Reached skill level 7 in Unarmed Combat
  3782 | D:5      | Noticed Pikel
  3801 | D:5      | Killed Pikel
  3801 | D:5      | Reached skill level 5 in Fighting
  4068 | D:5      | Noticed Menkaure
  4073 | D:5      | Killed Menkaure
  4073 | D:5      | Reached skill level 8 in Unarmed Combat
  4144 | D:5      | Found a staircase to the Ecumenical Temple.
  4155 | Temple   | Entered the Ecumenical Temple
  4206 | Temple   | Became a worshipper of Qazlal Stormbringer
  4206 | Temple   | Reached * piety under Qazlal
  4206 | Temple   | Reached ** piety under Qazlal
  4264 | D:5      | Got a crude dire flail
  4265 | D:5      | Identified the +5 dire flail of the Ass {pain, rC+ Int+2} (You found it on level 5 of the Dungeon)
  4344 | D:5      | Reached XP level 9. HP: 88/88 MP: 8/8
  4368 | D:6      | Found a sand-covered staircase.
  4385 | Ossuary  | Entered an ossuary
  4555 | Ossuary  | Reached *** piety under Qazlal
  4960 | D:6      | Found a sacrificial altar of Ru.
  5046 | D:6      | Reached skill level 1 in Invocations
  5601 | D:7      | Found a shadowy altar of Dithmenos.
  5604 | D:7      | Reached **** piety under Qazlal
  5624 | D:7      | Killed from afar by an orc priest

Action                   |  1- 3 |  4- 6 |  7- 9 || total
-------------------------+-------+-------+-------++-------
Melee: Unarmed           |    98 |   160 |   113 ||   371
       Dire flail        |       |       |   167 ||   167
Throw: Tomahawk          |       |     1 |     1 ||     2
  Use: Scroll            |       |     4 |     9 ||    13
       Potion            |       |       |     3 ||     3
 Stab: Sleeping          |     4 |     5 |       ||     9
       Distracted        |       |     1 |       ||     1
  Eat: Chunk             |    10 |    22 |    24 ||    56
